 Dungeon Crawl Stone Soup version 0.32-a0-473-gd044c6f0f0 (webtiles) character file.

Game seed: 16521533858792172330

105531 mdonais the Stormcaller (level 16, -8/108 HPs)
             Began as an Octopode Alchemist on Feb 26, 2024.
             Was a High Priest of Vehumet.
             Mangled by a spark wasp (19 damage)
             ... on level 1 of the Spider Nest.
             The game lasted 02:33:11 (39922 turns).

mdonais the Stormcaller (Octopode Alchemist)       Turns: 39922, Time: 02:33:12

Health: -8/108     AC:  3    Str: 14    XL:     16   Next: 41%
Magic:  17/32      EV: 20    Int: 28    God:    Vehumet [*****.]
Gold:   2259       SH:  0    Dex: 20    Spells: 6/39 levels left

rFire   . . .        S - +3 trident of War {heavy, rElec Dex+2 Stlth+}
rCold   + . .        u - +3 buckler {rC+}
rNeg    + . .        N - +2 hat {Int+3}
rPois   +            e - amulet of reflection
rElec   +            k - +6 ring of dexterity
rCorr   .            o - ring of poison resistance
SInv    .            n - +5 ring of evasion
Will    ++...        L - +5 ring of evasion
Stlth   ++++++       s - ring of willpower
HPRegen 0.38/turn    W - ring of positive energy
MPRegen 0.23/turn    R - +6 ring of strength
                     (no ring)

%: reflection
@: spewing sludge, held
A: almost no armour, amphibious, 8 rings, camouflage 1, gelatinous body 1,
(nimble swimmer 1), tentacles
a: Renounce Religion


You were on level 1 of the Spider Nest.
You worshipped Vehumet.
Vehumet was extremely pleased with you.
You visited 5 branches of the dungeon, and saw 24 of its levels.
You also visited: Bailey and Ice Cave.

You collected 2752 gold pieces.
You spent 493 gold pieces at shops.

Inventory:

Hand Weapons
 h - a +5 long sword of freezing
   (You took it off a wight on level 9 of the Dungeon)
 S - the +3 trident of War (weapon) {heavy, rElec Dex+2 Stlth+}
   (You found it on level 5 of the Lair of Beasts)

   Dex+2:     It affects your dexterity (+2).
   rElec:     It insulates you from electricity.
   Stlth+:    It makes you more stealthy.
Missiles
 i - 31 poisoned darts
 v - 10 javelins
 F - 4 curare-tipped darts (quivered)
 G - 5 datura-tipped darts
 J - 10 atropa-tipped darts
 K - 6 darts of dispersal
 Z - 5 throwing nets {=!f}
Armour
 u - a +3 buckler of cold resistance (worn)
   (You found it in an ice cave)
 N - a +2 hat of intelligence (worn)
   (You took it off Gastronok on level 2 of the Lair of Beasts)
Magical Staves
 q - a staff of cold
   (You took it off Fannar on level 2 of the Lair of Beasts)
Jewellery
 e - an amulet of reflection (around mantle)
   (You found it on level 1 of the Dungeon)
 k - a +6 ring of dexterity (left tentacle)
   (You found it on level 2 of the Dungeon)
 n - a +5 ring of evasion (on tentacle)
   (You found it on level 10 of the Dungeon)
 o - a ring of poison resistance (right tentacle)
   (You found it on level 4 of the Dungeon)
 s - a ring of willpower (on tentacle)
   (You found it on level 3 of the Lair of Beasts)
 L - a +5 ring of evasion (on tentacle)
   (You found it on level 2 of the Lair of Beasts)
 R - a +6 ring of strength (on tentacle)
   (You took it off a yaktaur on level 13 of the Dungeon)
 W - a ring of positive energy (on tentacle)
   (You found it on level 5 of the Lair of Beasts)
Wands
 D - a wand of digging (2)
   (You found it on level 8 of the Dungeon)
 P - a wand of paralysis (21)
   (You found it on level 8 of the Dungeon)
 V - a wand of flame (37)
   (You found it on level 11 of the Dungeon)
Scrolls
 f - 6 scrolls of immolation
 g - a scroll of poison
 j - a scroll of summoning
 m - 3 scrolls of revelation
 t - a scroll of enchant armour
 w - a scroll of silence
 A - 2 scrolls of fear
 B - 5 scrolls of blinking
 C - 2 scrolls of amnesia
 E - 3 scrolls of vulnerability
 T - 11 scrolls of teleportation
 Y - 2 scrolls of fog {unknown}
Potions
 a - 3 potions of magic
 b - 7 potions of enlightenment
 c - 3 potions of attraction
 d - 2 potions of berserk rage
 l - 6 potions of brilliance
 p - 7 potions of heal wounds
 r - 2 potions of cancellation
 x - 2 potions of mutation
 z - 2 potions of resistance
 H - 3 potions of haste
 I - 4 potions of might {unknown}
 M - a potion of invisibility {unknown}
 O - a potion of ambrosia {unknown}
 Q - 3 potions of curing
 X - 2 potions of lignification {unknown}
Miscellaneous
 U - a phial of floods (inert)
   (You found it on level 5 of the Lair of Beasts)


   Skills:
 - Level 9.0 Fighting
 - Level 9.0 Dodging
 - Level 7.0 Stealth
 - Level 5.0 Shields
 - Level 12.0 Spellcasting
 + Level 11.1 Conjurations
 - Level 15.1 Air Magic
 - Level 12.0 Alchemy
 - Level 8.0 Evocations


You had 6 spell levels left.
You knew the following spells:

 Your Spells              Type           Power      Damage    Failure   Level
a - Airstrike             Air            39%        2d(6-22)  1%          4
b - Mephitic Cloud        Conj/Alch/Air  73%        N/A       1%          3
c - Fulminant Prism       Conj/Alch      34%        3d16      1%          4
d - Olgreb's Toxic Radia  Alch           71%        N/A       1%          4
e - Eringya's Noxious Bo  Alch           35%        4d6       1%          6
f - Conjure Ball Lightni  Conj/Air       37%        3x3d12    1%          6
g - Sting                 Conj/Alch      100%       1d9       1%          1
h - Alistair's Intoxicat  Alch           47%        N/A       1%          5

Your spell library contained the following spells:

 Spells                   Type           Power      Damage    Failure   Level
 Freeze                   Ice            64%        1d7       1%          1
 Magic Dart               Conj           100%       1d8       1%          1
 Mercury Vapours          Alch/Air       100%       N/A       1%          2
 Scorch                   Fire           32%        2d6       1%          2
 Searing Ray              Conj           100%       2d8       1%          2
 Hailstorm                Conj/Ice       47%        3d10      1%          3
 Flame Wave               Conj/Fire      47%        2d12      1%          4
 Iskenderun's Mystic Bla  Conj/Tloc      47%        2d10      1%          4
 Sticky Flame             Fire/Alch      50%        2d9       1%          4
 Summon Lightning Spire   Summ/Air       56%        N/A       1%          4
 Frozen Ramparts          Ice            32%        1d5       3%          3
 Volatile Blastmotes      Fire/Tloc      32%        2d12      3%          3
 Apportation              Tloc           32%        N/A       4%          1
 Slow                     Hex            64%        N/A       4%          1
 Jinxbite                 Hex            32%        N/A       6%          2
 Lesser Beckoning         Tloc           32%        N/A       6%          2
 Confusing Touch          Hex            16%        N/A       12%         3
 Gell's Gravitas          Tloc           16%        N/A       12%         3
 Sigil of Binding         Hex            16%        N/A       12%         3
 Teleport Other           Tloc           16%        N/A       12%         3
 Vampiric Draining        Necr           16%        2d7       12%         3
 Lee's Rapid Deconstruct  Erth           8%         3d7*      28%         5
 Borgnjor's Vile Clutch   Necr/Erth      8%         N/A       75%         5
 Summon Forest            Summ/Tloc      8%         N/A       75%         5
 Summon Mana Viper        Hex/Summ       16%        N/A       75%         5
 Dispersal                Tloc           8%         N/A       99%         6
 Summon Cactus Giant      Summ           8%         N/A       99%         6
 Chain Lightning          Conj/Air       37%        3d49      98%         9
 Fire Storm               Conj/Fire      23%        8d6       100%        9
 Shatter                  Erth           8%         3d10*     100%        9
 Animate Armour           Summ/Erth      Unusable   N/A       N/A         4

Dungeon Overview and Level Annotations

Branches:
Dungeon (15/15) Zot: 24836  Temple (1/1) D:5 Zot: 5998    Lair (5/5) D:10 Zot: 19722
  Swamp (0/4) Lair:2       Spider (1/4) Lair:3 Zot: 5951   Slime (0/5) Lair:5
    Orc (2/2) D:12 Zot: 7847     Elf (0/3) Orc:2        Vaults (0/5) D:13
 Depths (0/4) D:15         Bailey (visited)           IceCv (visited)

Altars:
Ashenzari
Cheibriados
Dithmenos
Elyvilon
Fedhas
Gozag
Hepliaklqana
Kikubaaqudgha
Makhleb
Nemelex Xobeh
Okawaru
Qazlal
Ru
Sif Muna
Trog
Uskayaw
Vehumet
Wu Jian
Xom
Yredelemnul
Zin
The Shining One
Beogh

Shops:
D:1 [   D:7 *   D:9 !   D:14 :   D:15 *   Orc:2 :*[((

Portals:
Trove: D:10 (give 7 scrolls of fear)

Annotations:
D:13 3 runed translucent doors, GiantSquids's ghost, journeyman CoHu
Lair:2 exclusion: downstairs
Spider:1 Mlioglotl


Innate Abilities, Weirdness & Mutations

You cannot wear most types of armour.
You are amphibious.
You can wear up to eight rings at the same time.
Your skin changes colour to match your surroundings (Stealth+).
Your rubbery body absorbs attacks. (AC +1, EV +1)
((You are camouflaged when in or above water. (Stealth+)))
You have tentacles for arms and can constrict up to eight enemies at once.


Message History

The pharaoh ant is moderately damaged.
Your noxious spew wanes.
You constrict the pharaoh ant, but do no damage.
The pharaoh ant completely misses you. You block the pharaoh ant's attack.
The pharaoh ant bites you but does no damage.
Casting: Eringya's Noxious Bog (dangerous; 1% risk of failure)
Confirm with . or Enter, or press ? or * to list all spells.
Casting: Eringya's Noxious Bog (dangerous; 1% risk of failure)
Press: ? - help, Dir - look around, f - activate You spew toxic sludge!
You constrict the pharaoh ant.
A jumping spider comes into view.
The wolf spider festers in the toxic bog!
The wolf spider looks as sick as possible!
The culicivora festers in the toxic bog!
The culicivora looks as sick as possible!
The pharaoh ant festers in the toxic bog.
The pharaoh ant barely misses you.
A redback comes into view.
You now have 18/32 mp.
Casting: Eringya's Noxious Bog (dangerous; 1% risk of failure)
Confirm with . or Enter, or press ? or * to list all spells.
You begin to radiate toxic energy.
The spark wasp buzzes angrily.
The spark wasp is poisoned.
The wolf spider looks as sick as possible!
The redback is poisoned.
The jumping spider's many legs skitter faintly.
The jumping spider is poisoned.
The spark wasp looks even sicker.
The wolf spider looks as sick as possible!
The culicivora looks as sick as possible!
The redback looks even sicker.
You constrict the pharaoh ant.
The wolf spider festers in the toxic bog!
The wolf spider looks as sick as possible!
The pharaoh ant festers in the toxic bog.
The pharaoh ant closely misses you.
The jumping spider leaps!
You now have 15/32 mp.
You release your grip on the pharaoh ant.
The culicivora looks as sick as possible!
Your toxic aura wanes.
You kill the culicivora!
Vehumet accepts your kill.
You feel your power returning.
The pharaoh ant festers in the toxic bog.
The pharaoh ant becomes momentarily stuck in the toxic bog.
The pharaoh ant festers in the toxic bog.
You block the pharaoh ant's attack.
The wolf spider festers in the toxic bog!
The wolf spider looks as sick as possible!
You kill the wolf spider!
Vehumet accepts your kill.
You feel your power returning.
Your Conjurations skill increases to level 11!
You regained 4 mp, and now have 19/32 mp.
You hit the pharaoh ant. You grab the pharaoh ant.
The pharaoh ant is severely damaged.
You constrict the pharaoh ant.
You kill the redback!
Vehumet accepts your kill.
You feel your power returning.
The pharaoh ant festers in the toxic bog.
The pharaoh ant bites you!!
* * * LOW HITPOINT WARNING * * *
The demonic crawler festers in the toxic bog!
The demonic crawler is poisoned.
The jumping spider leaps!
A spark wasp comes into view.
The pharaoh ant festers in the toxic bog.
You block the pharaoh ant's attack.
The demonic crawler festers in the toxic bog!
The demonic crawler looks as sick as possible!
The demonic crawler completely misses you.
The demonic crawler becomes momentarily stuck in the toxic bog.
You block the demonic crawler's attack.
The pharaoh ant festers in the toxic bog.
You destroy the pharaoh ant!
Vehumet accepts your kill.
You feel your power returning.
The pharaoh ant binds the souls of nearby monsters.
You take 20 damage, and have 21/108 hp.
You regained 4 mp, and now have 23/32 mp.
You feel much better. The spark wasp completely misses you.
The demonic crawler festers in the toxic bog!
The demonic crawler looks as sick as possible!
The demonic crawler completely misses you.
The demonic crawler misses you.
The demonic crawler becomes momentarily stuck in the toxic bog.
You regained 24 hp, and now have 45/108 hp.
Casting: Olgreb's Toxic Radiance (safe; 1% risk of failure)
Confirm with . or Enter, or press ? or * to list all spells.
You begin to radiate toxic energy.
The spark wasp buzzes angrily.
The spark wasp is poisoned.
The spark wasp looks even sicker.
You hear a faint skittering sound.
The spark wasp completely misses you.
The demonic crawler festers in the toxic bog.
The demonic crawler looks as sick as possible!
You block the demonic crawler's attack. x2
The demonic crawler completely misses you.
The jumping spider leaps!
The spark wasp misses you.
The demonic crawler festers in the toxic bog!
The demonic crawler looks as sick as possible!
The demonic crawler becomes momentarily stuck in the toxic bog.
The demonic crawler completely misses you. x2
You now have 20/32 mp.
You hit the spark wasp. Your grab misses the spark wasp.
The spark wasp is heavily wounded.
The spark wasp looks even sicker.
The spark wasp looks as sick as possible!
The jumping spider is poisoned.
Your toxic aura wanes.
The jumping spider festers in the toxic bog!
The jumping spider looks as sick as possible!
The jumping spider leaps!
The spark wasp misses you.
The demonic crawler festers in the toxic bog.
The demonic crawler looks as sick as possible!
The demonic crawler completely misses you.
You block the demonic crawler's attack.
The demonic crawler becomes momentarily stuck in the toxic bog.
You block the jumping spider's attack.
The jumping spider completely misses you.
The spark wasp misses you.
The demonic crawler festers in the toxic bog!
The demonic crawler looks as sick as possible!
The demonic crawler misses you.
The demonic crawler becomes momentarily stuck in the toxic bog.
The demonic crawler completely misses you.
The jumping spider pounces on you!
You are caught in a web!
The jumping spider closely misses you. The spark wasp stings you.
The spark wasp shocks you. You resist.
* * * LOW HITPOINT WARNING * * *
A redback comes into view.
You take 15 damage, and have 31/108 hp.
Casting: Olgreb's Toxic Radiance (safe; 1% risk of failure)
Confirm with . or Enter, or press ? or * to list all spells.
Aiming: Airstrike (safe; 1% risk of failure)
Press: ? - help, Dir - move target, f - spark wasp
Aim: a spark wasp (severely wounded, soul bound, extremely poisoned, empty space bonus: 6/8)
The air twists around and strikes the spark wasp!
The spark wasp is almost dead.
You kill the jumping spider!
Vehumet accepts your kill.
You feel your power returning.
The demonic crawler festers in the toxic bog!
The demonic crawler looks as sick as possible!
The demonic crawler becomes momentarily stuck in the toxic bog.
The demonic crawler hits you.
* * * LOW HITPOINT WARNING * * *
The demonic crawler hits you!!
* * * LOW HITPOINT WARNING * * *
The spark wasp stings you!!
You die...

.. ### ^°..
.....###...
.s...#....###
...........#
...~~~~†#~.##
#.~~~~....#
#.°sy.#
#.†y@.#
##..#.#
#..### ####


You could see 2 spark wasps, a demonic crawler (extremely poisoned) and a
redback.

Vanquished Creatures
  Jorgrun (D:13)
  Gastronok (Lair:2)
  A very ugly thing (D:15)
  An orc warlord (Orc:2)
  Azrael (D:15)
  Fannar (Lair:2)
  A great orb of eyes (D:15)
  An ogre mage (D:13)
  4 hydras
  3 catoblepae
  2 boulder beetles (D:10)
  An alligator (Lair:2)
  3 centaur warriors
  A jorogumo (Spider:1)
  A death knight (D:13)
  4 two-headed ogres
  A merfolk avatar (Lair:5)
  3 death yaks (Lair:3)
  3 orc high priests (Orc:2)
  A pharaoh ant (Spider:1)
  3 skysharks
  2 sea snakes (Lair:5)
  8 skeletal warriors
  An arcanist (D:14)
  A deep elf archer (D:13)
  A deep elf zephyrmancer (D:13)
  5 oklob plants
  5 orc sorcerers
  4 orc knights
  18 ugly things
  9 cyclopes
  8 deep elf pyromancers
  A wolf spider (Spider:1)
  A wolf spider (shapeshifter) (D:15)
  5 manticores
  Maurice (Orc:2)
  17 elephants
  3 meliai (D:14)
  2 black mambas
  2 gargoyles
  Jeremiah (D:6)
  16 cane toads
  2 torpor snails
  An unseen horror (D:11)
  8 rime drakes
  8 komodo dragons
  A kobold demonologist (D:12)
  4 yaktaurs
  A freezing wraith (IceCv)
  An anaconda simulacrum (IceCv)
  5 trolls
  6 polar bears
  A hornet (shapeshifter) (D:15)
  3 hornets
  11 blink frogs
  Grinder (D:5)
  A tarantella (Spider:1)
  9 slime creatures (D:15)
  2 snapping turtles (Lair:5)
  14 dream sheep (Lair:4)
  A centaur simulacrum (D:14)
  Sigmund (D:5)
  A jumping spider (Spider:1)
  3 culicivoras (Spider:1)
  A human (D:7)
  A wraith (D:13)
  6 wyverns
  A shadow (D:9)
  3 fire elementals (D:15)
  19 yaks
  4 hogs (D:7)
  5 wargs
  5 basilisks
  A fire bat (D:8)
  8 redbacks
  5 steam dragons
  A death yak simulacrum (IceCv)
  5 vampire mosquitoes (D:13)
  Edmund (D:5)
  2 acid dragons
  A water moccasin (shapeshifter) (D:10)
  15 water moccasins
  2 hell hounds (D:15)
  3 swamp drakes (Lair:5)
  30 orc warriors
  An ice beast (D:6)
  4 black bears
  A sky beast (D:8)
  8 ogres
  A boggart (D:13)
  25 wolves
  A centaur (D:8)
  6 kobold brigands
  Blork the orc (D:6)
  A cane toad simulacrum (IceCv)
  13 bullfrogs
  2 gnoll sergeants
  3 scorpions
  10 wights
  9 killer bees
  An electric eel (Lair:5)
  2 vampire bats (Lair:4)
  A howler monkey (D:10)
  4 jellies
  19 orc priests
  2 bombardier beetles
  3 hounds
  2 iguanas
  A gnoll bouda (D:6)
  3 sleepcaps
  Jessica (D:2)
  Ijyb (D:3)
  22 orc wizards
  4 hell rats (Lair:3)
  A polar bear simulacrum (IceCv)
  A wolf simulacrum (IceCv)
  19 gnolls
  4 adders
  A shadow imp (D:8)
  A white imp (D:7)
  4 dart slugs
  76 orcs
  8 ball pythons
  9 endoplasms
  3 giant cockroaches
  13 goblins
  12 hobgoblins
  2 quokkas (D:1)
  9 bats
  3 frilled lizards (D:1)
  26 kobolds
  5 rats
  A fulminant prism (D:15)
  A spectral weapon (D:12)
704 creatures vanquished.

Vanquished Creatures (others)
  Erolcha (D:12)
  107 ball lightnings
  88 fulminant prisms
196 creatures vanquished.

Grand Total: 900 creatures vanquished

Notes
Turn   | Place    | Note
-------+----------+-------------------------------------------
     0 | D:1      | mdonais the Octopode Alchemist began the quest for the Orb.
     0 | D:1      | Reached XP level 1. HP: 11/11 MP: 3/3
   131 | D:1      | Reached XP level 2. HP: 17/17 MP: 0/5
   423 | D:1      | Reached skill level 1 in Fighting
   779 | D:1      | Reached XP level 3. HP: 23/23 MP: 2/6
   828 | D:1      | Found Aziptici's Antique Armour Emporium.
   834 | D:1      | Learned a level 3 spell: Mephitic Cloud
  1047 | D:1      | Found a faded altar of an unknown god.
  1447 | D:2      | Noticed Jessica
  1464 | D:2      | Killed Jessica
  1465 | D:2      | Reached XP level 4. HP: 20/29 MP: 4/7
  1746 | D:2      | Found a glowing silver altar of Zin.
  2557 | D:2      | Reached skill level 1 in Air Magic
  2660 | D:2      | Reached XP level 5. HP: 29/34 MP: 1/8
  3094 | D:3      | Reached skill level 2 in Air Magic
  3135 | D:3      | Reached skill level 5 in Alchemy
  3740 | D:3      | Noticed Ijyb
  3758 | D:3      | Killed Ijyb
  3759 | D:3      | Reached XP level 6. HP: 30/39 MP: 5/9
  4510 | D:4      | Found a glowing golden altar of the Shining One.
  4539 | D:4      | Found a hide-covered altar of Uskayaw.
  4833 | D:5      | Entered Level 5 of the Dungeon
  4900 | D:5      | You fall into a shaft and drop 2 floors!
  4913 | D:7      | Noticed a wyvern
  4929 | D:7      | Reached skill level 1 in Evocations
  5050 | D:6      | Found a shadowy altar of Dithmenos.
  5053 | D:6      | Noticed a gargoyle
  5054 | D:6      | Found an ornate altar of the Wu Jian Council.
  5079 | D:6      | Noticed a water moccasin
  5080 | D:6      | Noticed Jeremiah
  5081 | D:6      | Found a hazy altar of Hepliaklqana.
  5108 | D:7      | Killed a wyvern
  5109 | D:7      | Reached skill level 3 in Air Magic
  5109 | D:7      | Reached XP level 7. HP: 39/45 MP: 9/11
  5112 | D:7      | Reached skill level 5 in Stealth
  5336 | D:7      | Learned a level 4 spell: Fulminant Prism
  5340 | D:7      | Learned a level 3 spell: Volatile Blastmotes
  5407 | D:6      | Reached XP level 8. HP: 37/51 MP: 11/13
  5422 | D:6      | Killed Jeremiah
  5751 | D:6      | Noticed Blork the orc
  5997 | D:5      | Found a burning altar of Makhleb.
  6030 | D:5      | Noticed Grinder
  6039 | D:5      | Killed Grinder
  6040 | D:5      | Reached skill level 5 in Conjurations
  6068 | D:5      | Noticed Edmund
  6071 | D:5      | Noticed a yak
  6096 | D:5      | Killed Edmund
  6097 | D:5      | Reached skill level 5 in Spellcasting
  6097 | D:5      | Reached XP level 9. HP: 45/57 MP: 1/16
  6181 | D:5      | Noticed Sigmund
  6310 | D:5      | Killed Sigmund
  6491 | D:5      | Found a radiant altar of Vehumet.
  6494 | D:5      | Became a worshipper of Vehumet
  6848 | D:5      | Learned a level 4 spell: Olgreb's Toxic Radiance
  6972 | D:5      | Found a staircase to the Ecumenical Temple.
  6981 | Temple   | Entered the Ecumenical Temple
  7882 | D:6      | Found a basalt altar of Yredelemnul.
  7884 | D:6      | Found a broken altar of Ashenzari.
  7884 | D:6      | Found an opulent altar of Gozag.
  8389 | D:6      | Killed a gargoyle
  8663 | D:6      | Reached skill level 1 in Shields
  8671 | D:6      | Killed Blork the orc
  9232 | D:7      | Found Ea-nāṣir's Fine Metal Goods.
  9483 | D:7      | Reached XP level 10. HP: 63/63 MP: 8/19
 10011 | D:8      | Reached * piety under Vehumet
 10011 | D:8      | Offered knowledge of Sandblast by Vehumet.
 10226 | D:8      | Found a shimmering altar of Xom.
 10825 | D:8      | Found a sacrificial altar of Ru.
 11535 | D:9      | Reached skill level 5 in Shields
 11798 | D:9      | Found Fymepsacw's Distillery.
 11814 | D:9      | Offered knowledge of Freeze by Vehumet.
 11852 | D:9      | Bought a potion of brilliance for 52 gold pieces
 11852 | D:9      | Bought a potion of cancellation for 104 gold pieces
 11952 | D:9      | Reached ** piety under Vehumet
 12094 | D:9      | Reached skill level 5 in Fighting
 12613 | D:9      | Bought a potion of heal wounds for 65 gold pieces
 12619 | D:10     | Entered Level 10 of the Dungeon
 12632 | D:10     | Found a portal to a secret trove of treasure.
 12699 | D:10     | Found a flagged portal.
 12719 | Bailey   | Entered a bailey
 12866 | Bailey   | Offered knowledge of Static Discharge by Vehumet.
 12961 | Bailey   | Identified the +7 great sword "Xaekuq" {antimagic, +Blink
                  | Fly Dex+2}
 13102 | Bailey   | Reached *** piety under Vehumet
 13774 | D:10     | Reached skill level 5 in Dodging
 13774 | D:10     | Reached XP level 11. HP: 71/71 MP: 11/21
 14008 | D:10     | Noticed a deep elf pyromancer
 14089 | D:10     | Found a staircase to the Lair.
 14214 | D:10     | Noticed a brown ugly thing
 14229 | D:10     | Killed a brown ugly thing
 14436 | D:10     | Noticed a boulder beetle
 14448 | D:10     | Killed a boulder beetle
 14449 | D:10     | Reached skill level 5 in Evocations
 14491 | D:10     | Noticed a boulder beetle
 14504 | D:10     | Killed a boulder beetle
 14504 | D:10     | Offered knowledge of Airstrike by Vehumet.
 14510 | D:10     | Learned a level 4 spell: Airstrike
 14681 | D:10     | Noticed a catoblepas
 14698 | D:10     | Killed a deep elf pyromancer
 14701 | D:10     | Reached skill level 4 in Air Magic
 14818 | D:10     | Killed a catoblepas
 14959 | D:10     | Noticed a cyclops
 14979 | D:10     | Killed a cyclops
 14980 | D:10     | Reached skill level 5 in Air Magic
 15222 | D:10     | Learned a level 5 spell: Alistair's Intoxication
 15254 | Lair:1   | Entered Level 1 of the Lair of Beasts
 15319 | Lair:1   | Reached skill level 6 in Air Magic
 15630 | Lair:1   | Reached skill level 7 in Air Magic
 16114 | Lair:1   | Noticed Gastronok
 16554 | Lair:2   | Noticed Fannar
 16569 | Lair:2   | Killed Fannar
 16570 | Lair:2   | Reached XP level 12. HP: 78/78 MP: 14/24
 16573 | Lair:2   | Noticed an alligator
 16588 | Lair:2   | Killed an alligator
 16589 | Lair:2   | Reached skill level 8 in Air Magic
 16767 | Lair:2   | Found a staircase to the Swamp.
 16913 | Lair:2   | Reached **** piety under Vehumet
 17097 | Lair:2   | Noticed a catoblepas
 17508 | Lair:2   | Reached skill level 9 in Air Magic
 17598 | Lair:2   | Killed Gastronok
 18230 | Lair:2   | Reached skill level 10 in Air Magic
 18561 | Lair:2   | Noticed a catoblepas
 18868 | Lair:2   | Killed a catoblepas
 18979 | Lair:2   | Offered knowledge of Frozen Ramparts by Vehumet.
 19128 | Lair:3   | Noticed a six-headed hydra
 20027 | D:12     | Reached skill level 11 in Air Magic
 20428 | D:12     | Reached XP level 13. HP: 84/84 MP: 12/26
 20547 | D:12     | Noticed Erolcha
 20816 | D:12     | Found a staircase to the Orcish Mines.
 21461 | Orc:1    | Entered Level 1 of the Orcish Mines
 21618 | Orc:2    | Entered Level 2 of the Orcish Mines
 21638 | Orc:1    | Reached skill level 12 in Air Magic
 21639 | Orc:1    | Reached ***** piety under Vehumet
 21639 | Orc:1    | Offered knowledge of Eringya's Noxious Bog by Vehumet.
 21649 | Orc:1    | Found a frozen archway.
 21782 | IceCv    | Entered an ice cave
 21831 | IceCv    | Learned a level 6 spell: Eringya's Noxious Bog
 21896 | IceCv    | Found a transporter.
 21935 | IceCv    | Found a transporter.
 21966 | Orc:1    | Found a roughly hewn altar of Beogh.
 22526 | Orc:2    | Found a staircase to the Elven Halls.
 23080 | Orc:2    | Noticed Maurice
 23094 | Orc:2    | Killed Maurice
 23615 | Orc:2    | Found a radiant altar of Vehumet.
 24084 | Orc:2    | Reached skill level 13 in Air Magic
 24084 | Orc:2    | Reached skill level 10 in Alchemy
 24312 | Orc:2    | Noticed an orc warlord
 24363 | Orc:2    | Killed an orc warlord
 25039 | Orc:2    | Found Nabla's Antique Weapon Emporium.
 25454 | Orc:2    | Found Wuhicwim's General Store.
 25454 | Orc:2    | Found Fuxoul's Book Emporium.
 25534 | Orc:2    | Found Votiak's Antique Armour Shoppe.
 25534 | Orc:2    | Found Huisch's Antique Weapon Shoppe.
 25811 | Orc:2    | Bought a transparent long sword for 272 gold pieces
 25811 | Orc:2    | Identified the +5 long sword "Fioll" {drain, rN+ Str+6
                  | Dex-5} (You bought it in a shop on level 2 of the Orcish
                  | Mines)
 26005 | Lair:3   | Reached XP level 14. HP: 77/92 MP: 18/27
 26009 | Lair:3   | Found a hole to the Spider Nest.
 26798 | Lair:3   | Offered knowledge of Yara's Violent Unravelling by Vehumet.
 27621 | Lair:4   | Reached skill level 14 in Air Magic
 28107 | Lair:4   | Reached skill level 10 in Spellcasting
 28999 | Lair:5   | Entered Level 5 of the Lair of Beasts
 29523 | Lair:5   | Reached skill level 15 in Air Magic
 30246 | Lair:5   | Reached XP level 15. HP: 99/99 MP: 17/29
 30982 | Lair:5   | Found a staircase to the Slime Pits.
 31537 | Lair:5   | Identified the +3 trident of War {heavy, rElec Dex+2
                  | Stlth+}
 32517 | D:12     | Found a staircase to the Orcish Mines.
 32997 | D:12     | Killed Erolcha
 33241 | D:13     | Noticed Jorgrun
 33296 | D:13     | Killed Jorgrun
 33574 | D:13     | Found a runed translucent gate.
 33574 | D:13     | Found a runed translucent gate.
 33574 | D:13     | Found a runed translucent gate.
 33578 | D:13     | Noticed GiantSquids's ghost (journeyman CoHu)
 33580 | D:13     | Found an iron altar of Okawaru.
 35231 | D:13     | Found a gate to the Vaults.
 37043 | D:14     | Found Zusath's Book Boutique.
 37684 | D:15     | Entered Level 15 of the Dungeon
 37779 | D:15     | Reached ****** piety under Vehumet
 37869 | D:15     | Offered knowledge of Conjure Ball Lightning by Vehumet.
 37968 | D:14     | Learned a level 6 spell: Conjure Ball Lightning
 38024 | D:15     | Reached XP level 16. HP: 108/108 MP: 22/32
 38447 | D:15     | Noticed Azrael
 38452 | D:15     | Killed Azrael
 38914 | D:15     | Reached skill level 10 in Conjurations
 39079 | D:15     | Found an opulent altar of Gozag.
 39150 | D:15     | Found Axkishro's Alliterative Armaments.
 39666 | D:15     | Found a staircase to the Depths.
 39882 | Spider:1 | Entered Level 1 of the Spider Nest
 39895 | Spider:1 | Noticed Mlioglotl
 39903 | Spider:1 | Noticed a lich
 39922 | Spider:1 | Mangled by a spark wasp

Illustrated notes

Levels and vault maps discovered:
D:1:      minmay_arrival_cross, layout_loops_corners,
          ebering_ecumenical_altar_hall, serial_shops, nicolae_shop_dealshenge
D:2:      layout_loops_corners, basic_altar, uniq_jessica
D:3:      layout_basic, uniq_ijyb
D:4:      layout_rooms, nicolae_uskayaw_suspiria,
          nicolae_tso_swordbearing_angel, nicolae_figureground_sparkle
D:5:      layout_basic, kennysheep_mini_moat,
          mainiacjoe_overflow_concentric_impassable, lemuel_temple_firewalk_b,
          minmay_puff, uniq_edmund, uniq_sigmund, uniq_grinder
D:6:      layout_loops_ring, grunt_temple_overflow_diamond,
          gammafunk_temple_overflow_forgotten, kennysheep_flooded_box,
          uniq_blork_the_orc, uniq_jeremiah
D:7:      layout_cave_pools, nicolae_ea-nasir_strikes_again,
          kennysheep_cluttered_room, grunt_livestock
D:8:      layout_basic, hangedman_ru_absence, regret_index_xom_of_box
D:9:      layout_irregular_city, serial_shops, shop
D:10:     minmay_chambers_of_sixes, layout_long_grid, dpeg_oklobed_lair,
          enter_bailey_3, trove_entry_hex_spiral, minmay_bent
D:11:     layout_rooms, blue_anna_alchemist
D:12:     layout_stronghold, orc_0_dummy, uniq_erolcha
D:13:     layout_roguey, hangedman_vaults_entry_quadrant_bands,
          gammafunk_ghost_fury_of_okawaru, uniq_jorgrun
D:14:     layout_stronghold, serial_shops, kennysheep_mini, serial_column_ruins,
          column_ruins_courtyard_long, column_ruins_square_medium,
          column_ruins_corridor_dead_end, column_ruins_open_tiny,
          column_ruins_corridor_water, column_ruins_grid_3
D:15:     gammafunk_enter_depths_forms, layout_basic,
          nicolae_gozag_seed_capital, monkooky_shop_alliterative, uniq_azrael
Temple:   eino_temple_lava
Lair:1:   layout_chaotic_city, pdpol_lair_neglected_garden,
          chequers_serial_rivers_micro_d, uniq_gastronok
Lair:2:   layout_cave_pods, mainiacjoe_swamp_entry_lozenge_pond,
          cheibrodos_lair_caveside_slide, beast_lair_carwin_2, uniq_fannar
Lair:3:   layout_chaotic_city, spider_nest_entry_webs, lemuel_fruit_fields
Lair:4:   layout_hall_layers, st_stairs_11, roderic_batcave
Lair:5:   gammafunk_lair_ancient_temple, layout_loops_ring,
          minmay_slime_entry_oklob_open, guppyfry_lair_drakes,
          infiniplex_staircase_pool
Spider:1: cheibrodos_forgotten_conduit, nicolae_spider_world_wide_web,
          uniq_mlioglotl
Orc:1:    layout_caves, portal_ice_cave_rime, basic_altar
Orc:2:    st_orc_congregation, layout_diamond_mine, special_room, basic_altar,
          serial_shops, nicolae_shop_tiny_real_fake_doors, uniq_maurice

Skill      XL: |  1  2  3  4  5  6  7  8  9 10 11 12 13 14 15 16 |
---------------+-------------------------------------------------+-----
Stealth        | 3 4 5 6 7 |  7.0
Fighting       | 1 2 3 4 5 6 7 8 9 |  9.0
Conjurations   | 2 3 5 6 7 8 11 | 11.1
Alchemy        | 4 5 7 8 9 10 11 12 | 12.0
Air Magic      | 1 2 3 7 11 13 15 | 15.1
Evocations     | 2 3 4 5 6 8 |  8.0
Spellcasting   | 3 5 6 7 8 9 10 12 | 12.0
Dodging        | 3 5 6 7 9 |  9.0
Shields        | 3 5 |  5.0

Action                     |  1- 3 |  4- 6 |  7- 9 | 10-12 | 13-15 | 16-18 || total
---------------------------+-------+-------+-------+-------+-------+-------++-------
  Melee: Unarmed           |     1 |       |       |       |       |       ||     1
         Short sword       |    20 |    14 |       |       |       |       ||    34
         Tentacles         |     3 |    10 |    12 |    24 |    44 |     3 ||    96
         Constrict         |     6 |    10 |    11 |    11 |    44 |     6 ||    88
         Dagger            |       |    17 |    49 |    11 |       |       ||    77
         Long sword        |       |       |       |    59 |   102 |       ||   161
         Trident           |       |       |       |       |    43 |    17 ||    60
  Throw: Boomerang         |       |     1 |       |       |       |       ||     1
         Dart              |       |       |       |    15 |     3 |       ||    18
         Javelin           |       |       |       |     2 |       |       ||     2
   Cast: Sting             |    42 |   108 |    70 |    45 |    17 |       ||   282
         Mephitic Cloud    |       |     1 |     4 |    19 |     8 |       ||    32
         Fulminant Prism   |       |       |    40 |    34 |    15 |       ||    89
         Olgreb's Toxic Ra |       |       |    14 |   128 |    38 |     3 ||   183
         Volatile Blastmot |       |       |     2 |       |       |       ||     2
         Airstrike         |       |       |       |    89 |   482 |    11 ||   582
         Alistair's Intoxi |       |       |       |     1 |     1 |       ||     2
         Eringya's Noxious |       |       |       |       |    63 |     8 ||    71
         Conjure Ball Ligh |       |       |       |       |     3 |    42 ||    45
  Evoke: Wand              |       |     2 |     9 |       |     6 |       ||    17
         Phial of floods   |       |       |       |       |     1 |     1 ||     2
    Use: Scroll            |       |    10 |     4 |     8 |    12 |     1 ||    35
         Potion            |       |     2 |       |     1 |     1 |     2 ||     6
   Stab: Sleeping          |     2 |       |     3 |       |       |       ||     5
         Confused          |       |       |     2 |     5 |     4 |       ||    11
         Paralysed         |       |       |       |       |     2 |       ||     2
 Armour: Skin              |    10 |    17 |    33 |    52 |    54 |    67 ||   233
  Dodge: Dodged            |    11 |    19 |    17 |    60 |   114 |    31 ||   252
  Block: Other             |     2 |     4 |    10 |       |       |       ||    16
         Reflection        |       |       |     1 |     3 |    25 |       ||    29
         Buckler           |       |       |       |    48 |   118 |    16 ||   182

Table legend: (Time is in decaauts)
 A = Elapsed time spent in this place.
 B = Non-inter-level travel time spent in this place.
 C = Inter-level travel time spent in this place.
 D = Time resting spent in this place.
 E = Time spent auto-exploring this place.
 F = Levels seen in this place.
 G = Mean time per level.
                   A        B        C        D        E       F      G
               +--------+--------+--------+--------+--------+-----+--------+
         Total |  40063 |  37793 |   2270 |   8422 |  21499 |  26 | 1540.9 |
       Dungeon |  24837 |  23245 |   1592 |   4526 |  13846 |  15 | 1655.8 |
        Temple |      1 |      1 |      0 |      0 |      0 |   1 |    1.0 |
          Lair |  10277 |   9770 |    507 |   2848 |   5077 |   5 | 2055.4 |
   Spider Nest |     47 |     47 |      0 |      0 |      0 |   1 |   47.0 |
  Orcish Mines |   4152 |   3983 |    169 |    732 |   2485 |   2 | 2076.0 |
        Bailey |    579 |    579 |      0 |    226 |     91 |   1 |  579.0 |
      Ice Cave |    166 |    166 |      0 |     90 |      0 |   1 |  166.0 |
               +--------+--------+--------+--------+--------+-----+--------+

Top non-repeatable levels by time:
   Orc:2: 3244 daAuts
    D:13: 2861 daAuts
  Lair:5: 2662 daAuts
  Lair:2: 2585 daAuts
    D:12: 2569 daAuts
    D:10: 2279 daAuts
     D:6: 2103 daAuts
  Lair:4: 2056 daAuts
    D:14: 1910 daAuts
    D:15: 1877 daAuts
     D:8: 1673 daAuts
     D:5: 1587 daAuts
  Lair:1: 1532 daAuts
     D:1: 1441 daAuts
  Lair:3: 1440 daAuts
